 Dungeon Crawl Stone Soup version 0.31.0-1-g2c135a008e (webtiles) character file.

Game seed: 801665520693916215

188 qw the Shooter (level 6, 0/46 HPs)
             Began as a Djinni Hunter on Jan 23, 2024.
             Slain by an orc wizard
             ... wielding a +0 dagger
              (3 damage)
             ... on level 4 of the Dungeon.
             The game lasted 00:00:09 (2354 turns).

qw the Shooter (Djinni Hunter)                      Turns: 2354, Time: 00:00:10

Health: 0/46       AC:  6    Str: 10    XL:     6   Next: 0%
Gold:   181        EV: 11    Int: 11    God:
                   SH:  5    Dex: 18

rFire   + + +        a - +0 shortbow
rCold   . . .        (shield currently unavailable)
rNeg    . . .        l - +0 ring mail
rPois   inf          (no helmet)
rElec   .            (no cloak)
rCorr   .            e - +0 pair of gloves
SInv    .            (boots unavailable)
Will    .....        g - amulet of reflection
Stlth   +            f - ring of protection from fire
HPRegen 0.27/turn    m - ring of protection from cold
MPRegen 0.00/turn

%: reflection, infuse magic (-1 HP)
@: flying
A: sickness immunity, fire resistance 2, cold vulnerability 1, float, innate
caster, HP casting, extra vitality 1
a: no special abilities


You were on level 4 of the Dungeon.
You visited 1 branch of the dungeon, and saw 4 of its levels.

You collected 181 gold pieces.


Innate Abilities, Weirdness & Mutations

You are immune to sickness and miasma.
You are immune to poison.
Your flesh is very heat resistant. (rF++)
You are vulnerable to cold. (rC-)
You float through the air rather than walking.
You learn spells naturally, not from books.
Your magical power is your life essence.
You have superior vitality. (+4 MHP)


   Skills:
 - Level 3.0 Fighting
 + Level 4.8 Ranged Weapons
 - Level 1.0 Armour
 - Level 3.0 Dodging
 - Level 0.7 Stealth


You knew the following spells:

 Your Spells              Type           Power      Damage    Failure   Level
a - Summon Small Mammal   Summ           0%         N/A       65%         1
b - Momentum Strike       Conj/Tloc      0%         3d8       80%         2
Your spell library was empty.

Inventory:

Hand Weapons
 a - a +0 shortbow (weapon)
Armour
 e - a +0 pair of gloves (worn)
 l - a +0 ring mail (worn)
Jewellery
 f - a ring of protection from fire (left hand)
 g - an amulet of reflection (around neck)
 m - a ring of protection from cold (right hand)
Wands
 c - a wand of flame (14)
Scrolls
 b - a scroll of identify
Potions
 d - a potion of curing
 k - a potion of haste

Dungeon Overview and Level Annotations

Branches:
Dungeon (4/15)
 Temple: D:4-7

Altars:
Cheibriados


Message History

The jackal bites you but does no damage.
The giant cockroach bites you but does no damage.
The orc warrior barely misses you.
The orc wizard gestures at you while chanting.
You resist with some effort. The jackal misses you.
The jackal closely misses you. The quokka barely misses you.
The jackal bites you but does no damage.
You shoot an arrow.
The arrow completely misses the orc warrior.
You block the giant cockroach's attack. The jackal barely misses you.
The jackal closely misses you. The jackal bites you.
The orc warrior barely misses you.
The orc wizard hits you with a +0 dagger.
The quokka barely misses you.
The giant cockroach bites you but does no damage.
The jackal bites you but does no damage.
The jackal closely misses you.
You shoot an arrow.
The arrow barely misses the orc warrior.
You block the jackal's attack. The quokka barely misses you.
The orc warrior barely misses you.
The orc wizard mumbles some strange words.
The orc wizard flickers and vanishes!
Deactivating autopickup; reactivate with Ctrl-A.
The jackal bites you. The jackal barely misses you.
The giant cockroach bites you but does no damage.
The jackal bites you.
The quokka bites you but does no damage.
The orc warrior hits you with a +0 flail!
Something hits you but does no damage.
You shoot an arrow.
The arrow hits the orc warrior but does no damage.
The orc warrior is heavily wounded.
The jackal bites you but does no damage.
You block the jackal's attack. The jackal misses you.
The giant cockroach misses you. The quokka misses you.
The jackal closely misses you. The jackal bites you.
The jackal barely misses you. The giant cockroach closely misses you.
Something hits you.
You die...

.... ...# #
#..#.# #..#.# #
#..#.#.# #.
##.))..# #.
#.ho{..#
#.#####.h@ho.#..
#.......B.r>.....
#.............#.#
#............?#
##......##..###
#....>.....#
###.##.##.##
#.##.##..###
#.####.....#


You could see an orc warrior, an orc, a quokka, 3 jackals and a giant cockroach.

Vanquished Creatures
  2 bombardier beetles
  3 adders
  2 dart slugs
  3 orcs
  8 endoplasms
  10 giant cockroaches
  7 goblins
  7 hobgoblins
  5 jackals
  2 quokkas
  12 ball pythons
  4 bats
  3 frilled lizards
  10 kobolds
  4 rats
82 creatures vanquished.

Notes
Turn   | Place    | Note
-------+----------+-------------------------------------------
     0 | D:1      | qw the Djinni Hunter began the quest for the Orb.
     0 | D:1      | Reached XP level 1. HP: 18/18 MP: 0/0
     0 | D:1      | 0 ||| qw: Version: 0.3-a-136-gdd3b4e8
     0 | D:1      | 0 ||| qw: Game counter: 1186
     0 | D:1      | 0 ||| qw: Melee chars always use a shield: true
     0 | D:1      | 0 ||| qw: God list: Okawaru
     0 | D:1      | 0 ||| qw: Allow faded altars: false
     0 | D:1      | 0 ||| qw: Do Orc after clearing Dungeon:15 true
     0 | D:1      | 0 ||| qw: Do second Lair branch before Depths: true
     0 | D:1      | 0 ||| qw: Lair rune preference: random
     0 | D:1      | 0 ||| qw: Goals: Normal
     0 | D:1      | 0 ||| PLANNING D:1-11
    42 | D:1      | Reached XP level 2. HP: 20/23 MP: 0/0
   218 | D:1      | Reached skill level 4 in Ranged Weapons
   218 | D:1      | Reached XP level 3. HP: 28/28 MP: 0/0
   218 | D:1      | Learned a level 1 spell: Summon Small Mammal
   550 | D:1      | 550 ||| UPGRADING to +0 pair of gloves.
   555 | D:1      | 555 ||| READING scroll labelled LYJELU RUSAD.
   656 | D:1      | 656 ||| READING 2 scrolls labelled JYASOJ MIEWE.
   656 | D:1      | 656 ||| IDENTIFYING fuming clear potion
   657 | D:1      | 657 ||| DROPPING scroll of butterflies.
   704 | D:2      | Reached XP level 4. HP: 34/34 MP: 0/0
   709 | D:2      | Reached skill level 3 in Fighting
  1103 | D:2      | Reached skill level 3 in Dodging
  1391 | D:2      | 1391 ||| UPGRADING to +0 ring mail.
  1401 | D:2      | 1401 ||| DROPPING +0 leather armour.
  1402 | D:2      | 1402 ||| UPGRADING to ring of protection from fire.
  1403 | D:2      | 1403 ||| UPGRADING to ring of protection from cold.
  1404 | D:2      | 1404 ||| READING 3 scrolls of identify.
  1404 | D:2      | 1404 ||| IDENTIFYING yellow potion
  1405 | D:2      | 1405 ||| READING 2 scrolls of identify.
  1405 | D:2      | 1405 ||| IDENTIFYING fizzy purple potion
  1406 | D:2      | 1406 ||| READING scroll of identify.
  1406 | D:2      | 1406 ||| IDENTIFYING inky potion
  1407 | D:2      | 1407 ||| READING scroll labelled GUFOALIPADU.
  1408 | D:2      | 1408 ||| READING scroll labelled YDWIODDUIKA.
  1409 | D:2      | 1409 ||| READING scroll labelled NILU RESIWN.
  1410 | D:2      | 1410 ||| DROPPING potion of degeneration.
  1468 | D:3      | Identified the +1 falchion of Ruination {heavy, *Slow rC+
                  | Will++ Dex+2}
  1505 | D:3      | Reached skill level 1 in Armour
  1505 | D:3      | Reached XP level 5. HP: 40/40 MP: 0/0
  1505 | D:3      | Learned a level 2 spell: Momentum Strike
  2259 | D:3      | 2259 ||| UPGRADING to amulet of reflection.
  2301 | D:4      | Found a snail-covered altar of Cheibriados.
  2333 | D:4      | Noticed an orc warrior
  2345 | D:4      | HP: 8/40 [orc warrior/+0 flail (12)]
  2346 | D:4      | 2346 ||| DRINKING 2 potions of curing.
  2346 | D:4      | 2346 ||| (to cure confusion)
  2348 | D:4      | HP: 1/40 [quokka (3)]
  2349 | D:4      | 2349 ||| DRINKING potion of heal wounds.
  2351 | D:4      | Reached XP level 6. HP: 23/46 MP: 0/0
  2353 | D:4      | HP: 3/46 [orc warrior/+0 flail (12)]
  2354 | D:4      | Slain by an orc wizard

Levels and vault maps discovered:
D:1:      sevenhm_arrival_forest_fort_small_4, layout_basic,
          minmay_worlds_worst_comb
D:2:      layout_loops_cross, minmay_cupped
D:3:      layout_basic
D:4:      layout_loops_ring, slow_altar_1, minmay_manual_mess

Skill      XL: |  1  2  3  4 |
---------------+-------------+-----
Ranged Weapons | 4 |  4.8
Fighting       | 3 |  3.0
Dodging        | 3 |  3.0
Armour         | 1 |  1.0
Stealth        | |  0.7

Action                     |  1- 3 |  4- 6 || total
---------------------------+-------+-------++-------
   Fire: Shortbow          |    88 |   161 ||   249
    Use: Scroll            |     2 |     6 ||     8
         Potion            |       |     2 ||     2
 Armour: Leather armour    |    28 |    18 ||    46
         Ring mail         |       |    88 ||    88
  Dodge: Dodged            |    28 |   114 ||   142
  Block: Other             |       |    14 ||    14

Table legend:
 A = Non-vault XP
 B = Vault XP
 C = Vault XP percentage of total XP
 D = Non-vault monster count
 E = Vault monster count
 F = Vault count percentage of total count
                 A         B        C        D         E       F
            +---------+---------+-------+---------+---------+-------
      Total |     193 |      76 |  28.3 |      76 |       6 |   7.3
            +---------+---------+-------+---------+---------+-------
        D:1 |      48 |       4 |   7.7 |      32 |       2 |   5.9
        D:2 |      50 |      18 |  26.5 |      21 |       3 |  12.5
        D:3 |      87 |       0 |   0.0 |      19 |       0 |   0.0
        D:4 |       8 |      54 |  87.1 |       4 |       1 |  20.0
            +---------+---------+-------+---------+---------+-------
